 Dungeon Crawl Stone Soup version 0.20-a0-820-g557356e (webtiles) character file.

23916 nubinia the Thaumaturge (level 12, -1/60 HPs)
             Began as a Deep Elf Fire Elementalist on Mar 3, 2017.
             Was a High Priest of Sif Muna.
             Shot with a bolt by an orc knight (21 damage)
             ... on level 2 of the Orcish Mines on Mar 4, 2017.
             The game lasted 01:45:47 (18945 turns).

nubinia the Thaumaturge (DEFE)                     Turns: 18945, Time: 01:45:48

Health: -1/60      AC: 22    Str:  5    XL:     12   Next: 76%
Magic:  27/32      EV: 17    Int: 23    God:    Sif Muna [*****.]
Gold:   1262       SH:  4    Dex: 18    Spells: 12/39 levels left

rFire    . . .     SeeInvis .   a - +0 falchion (protect)
rCold    . . .     Gourm    .   U - +3 leather armour
rNeg     . . .     Faith    .   P - +0 buckler
rPois    +         Spirit   .   (helmet restricted)
rElec    .         Reflect  .   u - +0 cloak
rCorr    .         Harm     .   G - +0 pair of gloves
MR       ++...     Clarity  +   (no boots)
Stlth    +++.......             (no amulet)
Regen    0.2/turn               v - ring of poison resistance
MPRegen  0.3/turn               E - +4 ring of evasion

@: icy armour, shrouded, protection aura, very slightly contaminated, divine
energy, slow
A: horns 1, clarity, magic resistance 1, subdued magic 1
a: Stop Divine Energy, Channel Magic, Forget Spell, Renounce Religion


You were on level 2 of the Orcish Mines.
You worshipped Sif Muna.
Sif Muna was extremely pleased with you.
You were not hungry.

You visited 4 branches of the dungeon, and saw 15 of its levels.

You collected 1346 gold pieces.
You spent 84 gold pieces at shops.

Inventory:

Hand Weapons
 a - a +0 falchion of protection (weapon)
 b - a +0 blowgun
 i - a +1 dagger of venom
 m - a +0 short sword
 s - a +1 rapier
 F - a +4 rapier of speed
Missiles
 r - 33 poisoned needles
 B - 7 curare-tipped needles
Armour
 u - a +0 cloak (worn)
 G - a +0 pair of gloves (worn)
 O - a +0 robe
 P - a +0 buckler (worn)
 U - a +3 leather armour (worn)
Jewellery
 v - a ring of poison resistance (right hand)
 w - an uncursed ring of wizardry
 E - a +4 ring of evasion (left hand)
 S - an uncursed ring of wizardry
Wands
 j - a wand of clouds (1/9)
 p - a wand of polymorph (2/24)
 I - a wand of lightning (12/15)
 M - a wand of iceblast (7/15)
Scrolls
 d - 2 scrolls of immolation
 t - a scroll of recharging
 y - 2 scrolls of amnesia
 D - a scroll of teleportation
 J - a scroll of magic mapping
Potions
 e - 3 potions of flight
 h - a potion of lignification
 l - 3 potions of brilliance
 q - 3 potions of curing
 A - a potion of might
 K - 2 potions of berserk rage
Books
 n - Sif Muna's Tome of Glacial Dislocation
   (Sif Muna gifted it to you on level 1 of the Orcish Mines)

   Spells                             Type                      Level
   a - Apportation                    Translocation                1
   b - Shroud of Golubria             Charms/Translocation         2
   c - Throw Frost                    Conjuration/Ice              2
   d - Gell's Gravitas                Translocation                3
   e - Lesser Beckoning               Translocation                3
   f - Malign Gateway                 Summoning/Translocation      7
   g - Disjunction                    Translocation                8
Comestibles
 c - 12 bread rations
 g - 4 meat rations
 k - 6 royal jellies
 z - 2 fruits


   Skills:
 + Level 1.0 Fighting
 + Level 1.4(2.2) Short Blades
 + Level 2.3(2.5) Long Blades
 + Level 0.2 Throwing
 + Level 0.4 Armour
 + Level 4.8 Dodging
 + Level 4.2 Stealth
 + Level 1.1 Shields
 * Level 14.2 Spellcasting
 * Level 10.4 Conjurations
 * Level 9.3 Charms
 * Level 7.9 Necromancy
 * Level 7.1 Translocations
 * Level 10.9 Fire Magic
 + Level 0.4 Ice Magic


You had 12 spell levels left.
You knew the following spells:

 Your Spells              Type           Power        Failure   Level  Hunger
a - Flame Tongue          Conj/Fire      #####        1%          1    None
b - Throw Flame           Conj/Fire      ######       1%          2    None
c - Conjure Flame         Conj/Fire      ######..     1%          3    None
d - Sticky Flame          Conj/Fire      ######..     1%          4    None
e - Throw Icicle          Conj/Ice       ####....     10%         4    None
f - Fireball              Conj/Fire      ######....   2%          5    ###....
g - Shroud of Golubria    Chrm/Tloc      #####.....   1%          2    None
o - Ozocubu's Armour      Chrm/Ice       ####....     3%          3    None
R - Regeneration          Chrm/Necr      #####.....   1%          3    None


Dungeon Overview and Level Annotations

Branches:
Dungeon (11/15)            Temple (1/1) D:5            Lair (1/6) D:11
    Orc (2/2) D:11            Elf (0/3) Orc:2

Altars:
Cheibriados
Dithmenos
Fedhas
Hepliaklqana
Makhleb
Okawaru
Qazlal
Ru
Sif Muna
Trog
Uskayaw
Wu Jian
Xom
Yredelemnul
Zin
The Shining One

Shops:
Orc:1 *

Annotations:
Lair:1 2 mambas+!


Innate Abilities, Weirdness & Mutations

You have a pair of small horns on your head.
You possess an exceptional clarity of mind.
You are resistant to hostile enchantments. (MR+)
Your spells are a little easier to cast, but a little less powerful.


Message History

Space distorts slightly along a thin shroud covering your body.
The orc warrior burns!
The orc warrior closely misses you.
You riposte.
You hit the orc warrior but do no damage.
Your weapon exudes an aura of protection.
The orc warrior is severely wounded.
You feel better.
The orc warrior burns!
Unknown command.
Evoke which item? (* to show all) (? for menu, Esc to quit)
Aiming: Cloud Cone
Press: ? - help, Dir - move target cursor, f - orc knight, p - orc warrior
Aim: an orc knight, wielding an arbalest You create a blast of flame!
This wand has 1 charge left.
The orc warrior burns!
You kill the orc warrior!
Sif Muna accepts your kill.
The orc knight is engulfed in blazing flames.
The orc knight shoots a bolt.
The bolt hits you.
The orc knight is engulfed in blazing flames.
The orc knight shoots a bolt.
The bolt hits you!!
You die...

#(o.....o.
#.........
#..#.....≈ ≈
#§.#......≈≈
#§§.........
#§o# .......
#.§##......
#.)(##..##..
##..@.......
##.........
##########


You could see an orc knight.

Vanquished Creatures
  The ghost of dxctxrx the Transmogrifier, a journeyman MfTm of Uskayaw (D:8)
  6 two-headed ogres
  2 orc high priests
  Nergalle (Orc:1)
  An orc knight (D:11)
  2 oklob plants (D:11)
  An orc sorcerer (Orc:1)
  Joseph (D:10)
  A kobold demonologist (D:11)
  2 hornets
  4 trolls
  2 hippogriffs
  A spriggan (D:11)
  A shadow (D:11)
  Eustachio (D:6)
  2 wyverns (D:11)
  17 yaks
  2 hungry ghosts
  A porcupine (D:11)
  3 water moccasins
  3 ice beasts
  26 orc warriors
  4 sky beasts (D:11)
  A black bear (D:9)
  8 ogres
  An eye of draining (D:9)
  7 phantoms
  17 centaurs
  A crocodile (D:11)
  2 big kobolds
  3 bullfrogs
  Blork the orc (D:6)
  2 gnoll sergeants
  7 wights
  3 killer bees (D:7)
  3 howler monkeys
  3 jellies
  3 bullfrog zombies
  7 crimson imps
  3 centaur zombies
  6 hounds
  2 centaur skeletons
  14 orc priests
  19 orc wizards
  2 bullfrog skeletons
  An iguana (D:9)
  17 worker ants
  A hound skeleton (D:11)
  A worker ant zombie (D:8)
  13 adders
  21 gnolls
  4 shadow imps
  An ooze (D:4)
  An adder zombie (D:5)
  A worm (D:3)
  4 dart slugs (D:1)
  8 leopard geckos
  56 orcs
  7 giant cockroaches
  13 goblins
  10 hobgoblins
  11 jackals
  8 quokkas
  11 bats
  3 frilled lizards
  10 kobolds
  2 leopard gecko skeletons
  7 rats
  4 plants (D:11)
415 creatures vanquished.

Vanquished Creatures (others)
  2 ogres (D:4)
  2 adders (D:4)
  2 orcs (D:4)
  A frilled lizard (D:4)
  A plant (D:11)
8 creatures vanquished.

Grand Total: 423 creatures vanquished

Notes
Turn   | Place    | Note
-------+----------+-------------------------------------------
     0 | D:1      | nubinia the Deep Elf Fire Elementalist began the quest for the Orb.
     0 | D:1      | Reached XP level 1. HP: 10/10 MP: 6/6
   287 | D:1      | Reached XP level 2. HP: 15/15 MP: 5/8
   317 | D:1      | Learned a level 2 spell: Throw Flame
   926 | D:1      | Reached XP level 3. HP: 8/19 MP: 4/9
  1704 | D:2      | Gained mutation: Scrolls take you a little longer to read. [potion of mutation]
  1704 | D:2      | Gained mutation: You are resistant to electric shocks. (rElec) [potion of mutation]
  1704 | D:2      | Gained mutation: Your body sometimes deteriorates upon taking damage. [potion of mutation]
  1704 | D:2      | Gained mutation: You passively map a small area around you. [potion of mutation]
  1705 | D:2      | Lost mutation: Your body sometimes deteriorates upon taking damage. [potion of mutation]
  1705 | D:2      | Lost mutation: You are resistant to electric shocks. (rElec) [potion of mutation]
  1705 | D:2      | Gained mutation: Your body sometimes deteriorates upon taking damage. [potion of mutation]
  1705 | D:2      | Gained mutation: You are partially covered in slimy green scales. (AC +2) [potion of mutation]
  1737 | D:2      | Reached XP level 4. HP: 21/24 MP: 2/11
  1986 | D:2      | Reached skill level 4 in Spellcasting
  2475 | D:2      | Reached XP level 5. HP: 28/28 MP: 9/13
  2534 | D:2      | Learned a level 3 spell: Conjure Flame
  2982 | D:3      | Lost mutation: Scrolls take you a little longer to read. [potion of mutation]
  2982 | D:3      | Lost mutation: You passively map a small area around you. [potion of mutation]
  2982 | D:3      | Lost mutation: Your body sometimes deteriorates upon taking damage. [potion of mutation]
  2982 | D:3      | Lost mutation: You are partially covered in slimy green scales. (AC +2) [potion of mutation]
  2982 | D:3      | Gained mutation: You have a pair of small horns on your head. [potion of mutation]
  2982 | D:3      | Gained mutation: You are resistant to hostile enchantments. (MR+) [potion of mutation]
  2982 | D:3      | Gained mutation: Your spells are a little easier to cast, but a little less powerful. [potion of mutation]
  2982 | D:3      | Gained mutation: You possess an exceptional clarity of mind. [potion of mutation]
  3513 | D:4      | Killed an ogre
  3521 | D:4      | Killed an ogre
  3599 | D:4      | Reached skill level 5 in Spellcasting
  3813 | D:4      | Reached XP level 6. HP: 32/32 MP: 11/16
  4062 | D:4      | Reached skill level 6 in Spellcasting
  4062 | D:4      | Reached skill level 5 in Fire Magic
  4224 | D:4      | Found a shimmering altar of Xom.
  4283 | D:4      | Found a burning altar of Makhleb.
  4285 | D:4      | Noticed a green death
  4291 | D:4      | Found a glowing silver altar of Zin.
  4291 | D:4      | Noticed an angel
  4426 | D:4      | Reached XP level 7. HP: 36/36 MP: 8/18
  4634 | D:4      | Learned a level 4 spell: Sticky Flame
  5152 | D:5      | Entered Level 5 of the Dungeon
  5160 | D:5      | Reached skill level 7 in Spellcasting
  5555 | D:5      | Learned a level 2 spell: Shroud of Golubria
  5708 | D:5      | Learned a level 5 spell: Fireball
  5712 | D:5      | Learned a level 3 spell: Regeneration
  5740 | D:5      | Found a staircase to the Ecumenical Temple.
  5745 | D:5      | Reached skill level 1 in Charms
  5754 | Temple   | Entered the Ecumenical Temple
  5762 | Temple   | Became a worshipper of Sif Muna the Loreminder
  5894 | D:5      | Reached XP level 8. HP: 41/41 MP: 12/21
  6109 | D:6      | Noticed Eustachio
  6138 | D:6      | Reached skill level 5 in Conjurations
  6138 | D:6      | Reached skill level 1 in Necromancy
  6448 | D:6      | Reached skill level 8 in Spellcasting
  6448 | D:6      | Reached skill level 1 in Translocations
  6486 | D:6      | Noticed Blork the orc
  6547 | D:6      | Killed Blork the orc
  6677 | D:6      | Reached * piety under Sif Muna
  7135 | D:6      | Found a stormy altar of Qazlal.
  7183 | D:6      | Found a shadowy altar of Dithmenos.
  7186 | D:6      | Found a blossoming altar of Fedhas.
  7455 | D:6      | Killed Eustachio
  7646 | D:7      | Reached skill level 9 in Spellcasting
  7805 | D:7      | Found an iron altar of Okawaru.
  7806 | D:7      | Found a snail-covered altar of Cheibriados.
  7942 | D:7      | Reached XP level 9. HP: 15/45 MP: 11/24
  8719 | D:7      | Reached ** piety under Sif Muna
  9025 | D:8      | Noticed a two-headed ogre
  9282 | D:8      | Noticed a two-headed ogre
  9287 | D:8      | Noticed dxctxrx's ghost (journeyman MfTm)
  9295 | D:8      | Killed a two-headed ogre
  9295 | D:8      | Reached skill level 10 in Spellcasting
  9298 | D:8      | Reached skill level 5 in Charms
  9322 | D:8      | Killed dxctxrx's ghost
  9322 | D:8      | Reached *** piety under Sif Muna
  9322 | D:8      | Reached XP level 10. HP: 50/50 MP: 2/26
  9362 | D:8      | Noticed a two-headed ogre
  9489 | D:8      | Killed a two-headed ogre
  9489 | D:8      | Reached skill level 11 in Spellcasting
  9842 | D:8      | Noticed a two-headed ogre
  9848 | D:8      | Killed a two-headed ogre
  9848 | D:8      | Reached skill level 1 in Short Blades
  9975 | D:8      | Noticed a two-headed ogre
  9993 | D:8      | Killed a two-headed ogre
  9993 | D:8      | Reached **** piety under Sif Muna
 10105 | D:8      | Found an iron altar of Okawaru.
 10121 | D:8      | Reached skill level 5 in Necromancy
 10297 | D:8      | Killed a two-headed ogre
 10297 | D:8      | Reached skill level 12 in Spellcasting
 10297 | D:8      | Reached skill level 5 in Translocations
 10881 | D:9      | Reached XP level 11. HP: 48/55 MP: 11/29
 11158 | D:9      | Reached ***** piety under Sif Muna
 11175 | D:9      | Identified Sif Muna's Almanac of Attacks (Sif Muna gifted it to you on level 9 of the Dungeon)
 11175 | D:9      | Received a gift from Sif Muna
 11182 | D:9      | Learned a level 4 spell: Throw Icicle
 11457 | D:9      | Noticed a two-headed ogre
 11479 | D:9      | Killed a two-headed ogre
 11753 | D:10     | Entered Level 10 of the Dungeon
 12087 | D:10     | Noticed Joseph
 12098 | D:10     | Killed Joseph
 13331 | D:11     | Reached skill level 1 in Long Blades
 13533 | D:11     | Found a staircase to the Orcish Mines.
 14029 | D:11     | Noticed an oklob plant
 14034 | D:11     | Found a staircase to the Lair.
 14034 | D:11     | Noticed an oklob plant
 14041 | D:11     | Killed an oklob plant
 14041 | D:11     | Reached skill level 13 in Spellcasting
 14273 | D:11     | Killed an oklob plant
 14363 | D:11     | Reached skill level 10 in Fire Magic
 14742 | D:11     | Identified Sif Muna's Further Steps in Spellcraft (Sif Muna gifted it to you on level 11 of the Dungeon)
 14742 | D:11     | Received a gift from Sif Muna
 14774 | D:11     | Learned a level 3 spell: Ozocubu's Armour
 14837 | Lair:1   | Entered Level 1 of the Lair of Beasts
 15079 | D:11     | Upgraded the game from 0.20-a0-809-gaf7f668 to 0.20-a0-820-g557356e
 15100 | Orc:1    | Entered Level 1 of the Orcish Mines
 15108 | Orc:1    | Found Duup's General Store.
 15112 | Orc:1    | Noticed Nergalle
 15188 | Orc:1    | Killed Nergalle
 15188 | Orc:1    | Reached XP level 12. HP: 60/60 MP: 11/31
 15414 | Orc:1    | Noticed an orc high priest
 16188 | D:11     | Killed an orc high priest
 16259 | D:11     | Reached skill level 1 in Shields
 16480 | Orc:1    | Reached skill level 10 in Conjurations
 16629 | Orc:1    | Bought a scroll of remove curse for 39 gold pieces
 16639 | Orc:1    | Bought a scroll of magic mapping for 45 gold pieces
 17315 | Orc:2    | Entered Level 2 of the Orcish Mines
 17316 | Orc:2    | Found a staircase to the Elven Halls.
 17485 | Orc:2    | Noticed an orc high priest
 17857 | Orc:1    | Killed an orc high priest
 17857 | Orc:1    | Identified Sif Muna's Tome of Glacial Dislocation (Sif Muna gifted it to you on level 1 of the Orcish Mines)
 17857 | Orc:1    | Received a gift from Sif Muna
 17857 | Orc:1    | Reached skill level 1 in Fighting
 18455 | Orc:1    | Reached skill level 14 in Spellcasting
 18945 | Orc:2    | Shot with a bolt by an orc knight

Vault maps used:
D:1:      mrwooster_arrival_statue_2, roderic_lattice_a, st_stairs_9
D:2:      first_bread, fountainhead
D:3:      solitary_fountain
D:4:      cheibrodos_greedy_goblins, grunt_temple_overflow_order_and_chaos_2,
          xom_confusion_cloud
D:5:      temple_statues
D:6:      minitemple, minmay_misc_feat_plants, kennysheep_nub,
          uniq_blork_the_orc, uniq_eustachio
D:7:      gammafunk_temple_overflow_statue
D:8:      okawaru_gym_becter
D:10:     uniq_joseph
D:11:     dpeg_oklobed_lair, orc_0_dummy, the_bakery,
          hangedman_abyss_or_decor_lesser_grid, roderic_st_hans_cross, hex_large
Temple:   eino_narrow_crystal_temple
Lair:1:   wad_woods_stonehenge, cheibrodos_lair_reptile_den
Orc:1:    serial_shops, shop, uniq_nergalle
Orc:2:    st_orc_rangers, serial_shops, shop, nicolae_shop_behind_doors, shop,
          shop, guppyfry_library_mini

Skill      XL: |  1  2  3  4  5  6  7  8  9 10 11 12 |
---------------+-------------------------------------+-----
Dodging        | 3 4 |  4.8
Fire Magic     | 4 5 6 7 8 9 10 | 10.9
Spellcasting   | 4 5 6 7 9 10 12 13 14 | 14.2
Conjurations   | 2 3 4 5 7 8 9 10 | 10.4
Stealth        | 3 4 |  4.2
Charms         | 1 3 5 6 8 9 |  9.3
Necromancy     | 3 5 6 7 |  7.9
Translocations | 2 4 5 6 7 |  7.1
Short Blades   | 1 |  1.4
Long Blades    | 1 2 |  2.3
Shields        | 1 |  1.1
Fighting       | 1 |  1.0
Throwing       | |  0.2
Armour         | |  0.4
Ice Magic      | |  0.4

Action                   |  1- 3 |  4- 6 |  7- 9 | 10-12 || total
-------------------------+-------+-------+-------+-------++-------
Melee: Short sword       |       |     2 |       |       ||     2
       Headbutt          |       |     1 |     7 |    63 ||    71
       Dagger            |       |       |    37 |       ||    37
       Rapier            |       |       |    11 |    57 ||    68
       Falchion          |       |       |       |   198 ||   198
 Fire: Blowgun           |       |       |       |     9 ||     9
 Cast: Flame Tongue      |    77 |    81 |   134 |   255 ||   547
       Throw Flame       |       |    55 |   118 |   184 ||   357
       Sticky Flame      |       |       |     6 |    71 ||    77
       Shroud of Golubri |       |       |     3 |    31 ||    34
       Regeneration      |       |       |     2 |     4 ||     6
       Conjure Flame     |       |       |     6 |    13 ||    19
       Fireball          |       |       |     4 |    54 ||    58
       Throw Icicle      |       |       |       |     3 ||     3
       Ozocubu's Armour  |       |       |       |    21 ||    21
Invok: Divine Energy     |       |       |     1 |       ||     1
Evoke: Wand              |       |       |       |     2 ||     2
  Use: Potion            |     2 |     1 |       |     6 ||     9
       Scroll            |       |     9 |     6 |    15 ||    30
 Stab: Sleeping          |       |     1 |     2 |     2 ||     5
  Eat: Chunk             |     2 |     9 |    14 |    35 ||    60
       Fruit             |       |       |     1 |     2 ||     3
Armor: Robe              |     9 |     5 |     5 |    46 ||    65
       Leather armour    |       |       |       |    68 ||    68
Dodge: Dodged            |    60 |    18 |    53 |   382 ||   513
Block: Buckler           |       |       |       |    92 ||    92
       Rpst.: Falchion   |       |       |       |    76 ||    76
